 Dungeon Crawl Stone Soup version 0.31.0-12-g77e489cdc1 (webtiles) character file.

Game seed: 2684700846500609096

280 MollyMolluskus the Ruffian (level 6, 0/43 HPs)
             Began as an Octopode Fighter on Feb 13, 2024.
             Slain by a gnoll
             ... wielding a +0 whip
              (6 damage)
             ... on level 3 of the Dungeon.
             The game lasted 00:05:47 (2124 turns).

MollyMolluskus the Ruffian (Octopode Fighter)       Turns: 2124, Time: 00:05:47

Health: 0/43       AC:  1    Str: 23    XL:     6   Next: 27%
Magic:  6/6        EV: 13    Int: 11    God:
Gold:   85         SH:  4    Dex: 11    Spells: 5/5 levels left

rFire   . .          .
                       - Unarmed
rCold   . . .        a - +0 buckler
rNeg    . . .        (helmet restricted)
rPois   .            (no amulet)
rElec   .            e - +6 ring of strength
rCorr   .            (no ring)
SInv    .            (no ring)
Will    .....        (no ring)
Stlth   +++          (no ring)
HPRegen 0.27/turn    (no ring)
MPRegen 0.10/turn    (no ring)
                     (no ring)

%: no passive effects
@: no status effects
A: almost no armour, amphibious, 8 rings, camouflage 1, gelatinous body 1,
(nimble swimmer 1), tentacles
a: no special abilities


You were on level 3 of the Dungeon.
You visited 1 branch of the dungeon, and saw 3 of its levels.

You collected 85 gold pieces.

Inventory:

Missiles
 d - 13 stones (quivered)
 f - 6 poisoned darts
Armour
 a - a +0 buckler (worn)
Jewellery
 e - a +6 ring of strength (left tentacle)
Scrolls
 g - a scroll of immolation
 h - a scroll of identify
Potions
 b - 2 potions of might
 c - a potion of resistance
 i - a potion of lignification


   Skills:
 + Level 3.9 Fighting
 + Level 3.8 Dodging
 + Level 3.1 Stealth
 + Level 3.9 Shields
 * Level 4.0 Unarmed Combat


You had 5 spell levels left.
You didn't know any spells.
Your spell library contained the following spells:

 Spells                   Type           Power      Damage    Failure   Level
 Freeze                   Ice            0%         1d3       38%         1
 Frozen Ramparts          Ice            0%         1d1       77%         3
 Hailstorm                Conj/Ice       0%         3d5       77%         3


Dungeon Overview and Level Annotations

Branches:
Dungeon (3/15)

Altars:
Ashenzari

Annotations:
D:2 1 runed translucent door, Crazy Yiuf


Innate Abilities, Weirdness & Mutations

You cannot wear most types of armour.
You are amphibious.
You can wear up to eight rings at the same time.
Your skin changes colour to match your surroundings (Stealth+).
Your rubbery body absorbs attacks. (AC +1, EV +1)
((You are camouflaged when in or above water. (Stealth+)))
You have tentacles for arms and can constrict up to eight enemies at once.


Message History

You barely miss the gnoll.
The gnoll is severely wounded.
You constrict the gnoll. You block the gnoll's attack.
The gnoll barely misses you. The gnoll hits you with a +0 whip!
You bludgeon the gnoll!
You kill the gnoll!
The jackal bites you. The gnoll barely misses you.
The gnoll hits you with a +0 whip!
The jackal bites you but does no damage.
Things that are here:
a +0 spear; a gnoll corpse You bludgeon the jackal!
You kill the jackal!
You block the jackal's attack.
You barely miss the jackal. Your grab misses the jackal. The jackal bites you.
You barely miss the jackal. You grab the jackal.
You constrict the jackal, but do no damage.
The jackal bites you.
You bludgeon the jackal!
You kill the jackal!
You aren't carrying any items that you can evoke.
You barely miss the gnoll. You grab the gnoll.
The gnoll is heavily wounded.
You constrict the gnoll. The gnoll barely misses you.
You tentacle-slap the gnoll. You squeeze the gnoll.
You kill the gnoll!
Your Unarmed Combat skill increases to level 4!
You tentacle-slap the gnoll. You grab the gnoll. You squeeze the gnoll.
The gnoll is heavily wounded.
You constrict the gnoll. The gnoll hits you with a +0 club!
* * * LOW HITPOINT WARNING * * *
You barely miss the gnoll.
The gnoll is severely wounded.
You constrict the gnoll. You block the gnoll's attack.
You tentacle-slap the gnoll.
You kill the gnoll!
You tentacle-slap the gnoll. You grab the gnoll.
The gnoll is moderately wounded.
You constrict the gnoll. The gnoll hits you with a +0 whip.
You die...

#........#,*,,* #..# #.#....
######.########.*..# #..# #.#..##
................*..# #..# #.#..#*
##.###.#.###.##**..# #..#**.#.,,.
*,* #.#.# #.# *..# *,,,,*,*,,,.
*,* #.#.###.# *..##*,**,*,***#,
*,* #.#...$.# *...,,,**,*,**##.
*,* #.#####.####.######*,*,,,...
*,* #.# *#...hg@.......,,*,,,,..
*,* #.# #...####.######***,**##.
**,* *,* #.#.# *.# *,*,... **,*
*,* #.#.#***.#********,*,##.
**,***,**#.#.#,,,..,,,,,,*,,*,#..
,,,,,,,,,#,#.#,**.#*****,*>,*,...
**,***,*,*,#.#,*,..,,,,,,,,,*,>.,
**,* *,*,*,#.*,**.#*****,*,,**.**
**,* *,*,,,,,*,*,,,,,,*,,,,,,,,,,


You could see a gnoll and a jackal.

Vanquished Creatures
  Sigmund (D:2)
  2 adders
  7 gnolls
  6 ball pythons
  5 endoplasms
  A giant cockroach (D:2)
  A goblin (D:3)
  4 hobgoblins
  2 jackals (D:3)
  3 bats (D:2)
  2 frilled lizards
  2 kobolds (D:1)
  2 rats
38 creatures vanquished.

Notes
Turn   | Place    | Note
-------+----------+-------------------------------------------
     0 | D:1      | MollyMolluskus the Octopode Fighter began the quest for the
                  | Orb.
     0 | D:1      | Reached XP level 1. HP: 16/16 MP: 1/1
   340 | D:1      | Reached XP level 2. HP: 21/21 MP: 2/2
   655 | D:2      | Found a faded altar of an unknown god.
   687 | D:2      | Reached skill level 1 in Stealth
   824 | D:2      | Noticed Sigmund
   835 | D:2      | Killed Sigmund
   836 | D:2      | Reached skill level 3 in Unarmed Combat
   836 | D:2      | Reached XP level 3. HP: 11/27 MP: 3/3
   836 | D:2      | Reached XP level 4. HP: 14/33 MP: 4/4
   836 | D:2      | Reached XP level 5. HP: 15/37 MP: 5/5
  1350 | D:2      | Reached XP level 6. HP: 43/43 MP: 6/6
  1381 | D:2      | Found a runed translucent door.
  1382 | D:2      | Noticed Crazy Yiuf
  1854 | D:3      | Found a broken altar of Ashenzari.
  1975 | D:3      | Identified the +0 sling of Oppetai {speed, Stlth+}
  2121 | D:3      | Reached skill level 4 in Unarmed Combat
  2124 | D:3      | Slain by a gnoll

Illustrated notes

Levels and vault maps discovered:
D:1:      dpeg_arrival_rooms_a, layout_loops_ring, minmay_misc_feat_iff
D:2:      layout_loops_ring, ebering_ecumenical_altar_hall, kennysheep_boxes,
          uniq_crazy_yiuf_cottage, uniq_sigmund
D:3:      layout_basic, ashenzari_altar_1

Skill      XL: |  1  2  3  4  5  6 |
---------------+-------------------+-----
Stealth        | 2 3 |  3.1
Unarmed Combat | 3 4 |  4.0
Fighting       | |  3.9
Dodging        | |  3.8
Shields        | |  3.9

Action                     |  1- 3 |  4- 6 || total
---------------------------+-------+-------++-------
  Melee: Unarmed           |    29 |    63 ||    92
         Tentacles         |     4 |     6 ||    10
         Constrict         |     3 |    16 ||    19
         Punch             |       |     3 ||     3
  Throw: Stone             |     1 |     2 ||     3
    Use: Scroll            |       |    10 ||    10
         Potion            |       |     1 ||     1
   Stab: Sleeping          |     3 |     7 ||    10
 Armour: Skin              |     5 |    34 ||    39
  Dodge: Dodged            |    13 |    30 ||    43
  Block: Buckler           |     3 |    10 ||    13
